 Dungeon Crawl Stone Soup version 0.27-a0-1381-g81fdcbfb23 (webtiles) character file.

Game seed: 12435785907270084820

44 Nattfarinn the Caller (level 3, 0/27 HPs)
             Began as a Barachi Summoner on June 29, 2021.
             Killed by divine providence
             ... invoked by an orc priest
              (14 damage)
             ... on level 3 of the Dungeon.
             The game lasted 00:05:30 (3895 turns).

Nattfarinn the Caller (Barachi Summoner)            Turns: 3895, Time: 00:05:30

Health: 0/27       AC:  3    Str:  9    XL:     3   Next: 60%
Magic:  4/15       EV: 12    Int: 16    God:
Gold:   108        SH:  0    Dex: 12    Spells: 3/6 levels left

rFire    . . .     SeeInvis .   (no weapon)
rCold    . . .     Faith    .   (no shield)
rNeg     . . .     Spirit   .   a - +0 robe
rPois    .         Reflect  .   g - +0 helmet
rElec    .         Harm     .   (no cloak)
rCorr    .         Rampage  .   (no gloves)
Will     .....                  (no boots)
Stlth    ++........             (no amulet)
HPRegen  0.09/turn              b - ring of magical power
MPRegen  0.14/turn              (no ring)

@: slow
A: amphibious, slowness 1, strong legs 1, +LOS
a: Hop


You were on level 3 of the Dungeon.
You visited 1 branch of the dungeon, and saw 3 of its levels.

You collected 108 gold pieces.

Inventory:

Armour
 a - a +0 robe (worn)
 g - a +0 helmet (worn)
Jewellery
 b - a ring of magical power (left hand)
 d - a ring of flight
Scrolls
 e - a scroll of teleportation {unknown}
 f - a scroll of brand weapon {unknown}
 i - a scroll of enchant weapon {unknown}
 j - a scroll of magic mapping {unknown}
 m - a scroll of enchant armour {unknown}
 o - a scroll of amnesia {unknown}
Potions
 c - a potion of attraction {unknown}
 h - 2 potions of curing {unknown}
 k - a potion of mutation {unknown}
 l - a potion of berserk rage {unknown}
 n - a potion of flight {unknown}


   Skills:
 + Level 1.7 Fighting
 - Level 0.6 Armour
 - Level 2.2 Dodging
 - Level 1.7 Stealth
 - Level 2.2 Spellcasting
 * Level 5.8 Summonings


You had 3 spell levels left.
You knew the following spells:

 Your Spells              Type           Power      Damage    Failure   Level
a - Summon Small Mammal   Summ           80%        N/A       1%          1
b - Call Imp              Summ           20%        N/A       2%          2

Your spell library contained the following spells:

 Spells                   Type           Power      Damage    Failure   Level
 Call Canine Familiar     Summ           20%        N/A       5%          3
 Summon Guardian Golem    Hex/Summ       11%        N/A       19%         3
 Summon Ice Beast         Ice/Summ       11%        N/A       52%         4
 Summon Lightning Spire   Summ/Air       11%        N/A       52%         4


Dungeon Overview and Level Annotations

Branches:
Dungeon (3/15)

Altars:

Shops:
D:1 ?   D:2 [


Innate Abilities, Weirdness & Mutations

You are amphibious.
You cover ground slowly.
You can hop short distances.
You have an extended range of vision and can be seen from far away.


Message History

Beogh smites you!
Your crimson imp blinks!
Your crimson imp closely misses something.
Something hits your crimson imp.
Your crimson imp barely misses something.
Your crimson imp blinks!
Your crimson imp closely misses the orc.
The orc priest hits your crimson imp with a +0 flail.
Your crimson imp hits the orc.
The orc priest closely misses something.
The orc hits something with a +0 hand axe.
The orc misses your crimson imp.
The orc hits your crimson imp but does no damage.
Your crimson imp hits the orc.
The orc dies!
Your crimson imp hits something.
An orc wizard appears from thin air!
Reactivating autopickup.
Your crimson imp blinks!
Your crimson imp blinks!
Your crimson imp blinks!
Your crimson imp blinks!
The orc priest calls upon Beogh to heal the orc wizard.
The orc wizard's wounds heal themselves!
You see here a rat skeleton.
You see here a jackal skeleton.
The orc wizard casts a spell.
The orc wizard flickers and vanishes!
Deactivating autopickup; reactivate with Ctrl-A.
The orc priest looks braver for a moment.
Your crimson imp hits the orc priest but does no damage.
You see here a jackal skeleton.
Your crimson imp hits the orc priest.
The orc barely misses you. The orc barely misses you.
There is a stone staircase leading up here.
The orc hits you but does no damage.
The orc priest invokes the aid of Beogh against you.
Beogh smites you!
Ouch! That really hurt!
You die...

#.......♣♣.♣♣.......#.###.#
#########♣.♣#########># #.#
#...# #.###.# #...# #.....#
#...# ###.### #...# #.#
#...# #.# #...######### #.#
#...#...@o..###.##
#####.......##.#.# #####
#.....{.###..####....
#....[...o.÷÷o.5.....
#.......##...####....
#...(...##...# #####
#.......##...# #
#######.≈≈P..# # ≈÷P≈P≈P# #


You could see an orc priest and an orc.

Vanquished Creatures
  A giant cockroach (D:2)
  A ball python (D:1)
  2 bats
4 creatures vanquished.

Vanquished Creatures (collateral kills)
  An adder (D:3)
  2 worms
  2 orcs (D:3)
  3 ball pythons
  2 endoplasms (D:3)
  5 goblins
  7 hobgoblins
  9 jackals
  2 kobolds
  2 quokkas
  4 bats
  4 frilled lizards (D:2)
  3 rats
46 creatures vanquished.

Vanquished Creatures (others)
  5 plants
5 creatures vanquished.

Grand Total: 55 creatures vanquished

Notes
Turn   | Place    | Note
-------+----------+-------------------------------------------
     0 | D:1      | Nattfarinn the Barachi Summoner began the quest for the
                  | Orb.
     0 | D:1      | Reached XP level 1. HP: 13/13 MP: 3/3
   472 | D:1      | Found Nouzipam's Magic Scroll Boutique.
   636 | D:1      | Reached skill level 5 in Summonings
   653 | D:1      | Reached XP level 2. HP: 12/20 MP: 5/5
  1028 | D:1      | Learned a level 2 spell: Call Imp
  1950 | D:2      | Found Keet's Armour Shop.
  1958 | D:2      | Reached skill level 1 in Fighting
  2833 | D:2      | Reached XP level 3. HP: 24/26 MP: 6/6
  3249 | D:2      | Found a faded altar of an unknown god.
  3895 | D:3      | Killed from afar by an orc priest

Illustrated notes

Levels and vault maps discovered:
D:1:      heliophobic_arrival_henge, layout_basic, serial_forest,
          infiniplex_forest_split, infiniplex_forest_clump_double,
          infiniplex_forest_straight_4, infiniplex_forest_clump_double,
          infiniplex_forest_clump_curved, infiniplex_forest_end_1,
          infiniplex_forest_lined_3, infiniplex_forest_lined_3_way,
          infiniplex_forest_clump_long, infiniplex_forest_lined_2, serial_shops,
          shop
D:2:      minmay_chambers_of_ones, layout_basic, serial_shops, shop,
          basic_ecumenical_altar, minmay_large_rounded_square
D:3:      layout_loops_cross, serial_bayou_lagoon_a, kennysheep_cross_bottleneck

Skill      XL: |  1  2 |
---------------+-------+-----
Summonings     | 5 |  5.8
Fighting       | 1 |  1.7
Armour         | |  0.6
Dodging        | |  2.2
Stealth        | |  1.7
Spellcasting   | |  2.2

Action                   || total
-------------------------++-------
Melee: Unarmed           ||   182
 Cast: Summon Small Mamm ||    26
       Call Imp          ||    82
Armor: Robe              ||    56
Dodge: Dodged            ||   106

Table legend: (Time is in decaauts)
 A = Elapsed time spent in this place.
 B = Non-inter-level travel time spent in this place.
 C = Inter-level travel time spent in this place.
 D = Time resting spent in this place.
 E = Time spent auto-exploring this place.
 F = Levels seen in this place.
 G = Mean time per level.
                   A        B        C        D        E       F      G
               +--------+--------+--------+--------+--------+-----+--------+
         Total |   4269 |   4177 |     92 |    508 |   3012 |   3 | 1423.0 |
       Dungeon |   4269 |   4177 |     92 |    508 |   3012 |   3 | 1423.0 |
               +--------+--------+--------+--------+--------+-----+--------+

Top non-repeatable levels by time:
     D:1: 2075 daAuts
     D:2: 1780 daAuts
     D:3: 413 daAuts
